 Dungeon Crawl Stone Soup version 0.31.0-32-g396128a36d (webtiles) character file.

Game seed: 7302035641772710993

1522839 James the Axe Maniac (level 27, 273/273 HPs)
             Began as a Hill Orc Fighter on Mar 8, 2024.
             Was the Champion of Qazlal.
             Escaped with the Orb
             ... and 3 runes!
             The game lasted 03:01:26 (84822 turns).

James the Axe Maniac (Hill Orc Fighter)            Turns: 84822, Time: 03:01:26

Health: 273/273    AC: 48    Str: 32    XL:     27
Magic:  44/44      EV: 17    Int:  5    God:    Qazlal [******]
Gold:   5153       SH:  8    Dex: 21    Spells: 26/26 levels left

rFire   + + .        a - +9 executioner's axe (distort) {!w}
rCold   + . .        (shield currently unavailable)
rNeg    + + +        q - +4 crystal plate armour
rPois   +            s - +0 helmet "Xinweid" {+Blink rPois Str+2}
rElec   +            l - +2 cloak
rCorr   +            K - +0 pair of gloves
SInv    +            b - +2 pair of boots {rampage}
Will    +++++        O - amulet of the Four Winds {rN+ Will+++ Clar} Stlth
                     c - ring "Efeitt" {rF+ rC+ rN+++ Str+4 Slay+4}
HPRegen 0.65/turn    h - ring "Loz Otz" {rElec rF+ rCorr Dex+3 SInv}
MPRegen 0.29/turn

%: repel missiles, clarity, rampage
@: studying Long Blades
A: agile 1, deterioration 1, dopey 1, high MP 1, weak 1, persistent drain
0: Orb of Zot
}: 3/15 runes: decaying, serpentine, silver
a: Renounce Religion, Evoke Blink, Upheaval, Elemental Force, Disaster Area


You escaped.
You worshipped Qazlal.
Qazlal was exalted by your worship.
You visited 11 branches of the dungeon, and saw 51 of its levels.
You also visited: Gauntlet and Ice Cave.

You collected 8909 gold pieces.
You spent 3756 gold pieces at shops.

Inventory:

Hand Weapons
 a - a +9 executioner's axe of distortion (weapon) {!w}
   (You subdued it on level 2 of the Elven Halls)
Missiles
 r - 2 javelins
 y - 6 datura-tipped darts
 I - 7 silver javelins
 L - 6 throwing nets (quivered) {!f}
 S - 9 darts of dispersal {!f}
 X - a curare-tipped dart {!f}
Armour
 b - a +2 pair of boots of rampaging (worn)
   (You bought it in a shop on level 2 of the Depths)
 f - a scarf of repulsion
   (You found it on level 4 of the Lair of Beasts)
 l - a +2 cloak (worn)
   (You found it on level 3 of the Depths)
 n - quicksilver dragon scales
   (You found it on level 4 of the Snake Pit)
 q - a +4 crystal plate armour (worn)
   (You took it off Donald on level 3 of the Snake Pit)
 s - the +0 helmet "Xinweid" (worn) {+Blink rPois Str+2}
   (You found it on level 3 of the Elven Halls)

   Str+2:     It affects your strength (+2).
   rPois:     It protects you from poison +Blink: It lets you blink.
 C - the +2 pair of boots of the Chupacabra {rF+ Int+2 Dex+5}
   (You found it on level 2 of the Depths)

   Int+2:     It affects your intelligence (+2).
   Dex+5:     It affects your dexterity (+5).
   rF+:       It protects you from fire.
 K - a +0 pair of gloves (worn)
   (You bought it in a shop on level 2 of the Orcish Mines)
Jewellery
 c - the ring "Efeitt" (left hand) {rF+ rC+ rN+++ Str+4 Slay+4}
   (You bought it in a shop on level 1 of the Elven Halls)

   [ring of slaying]

   Str+4:     It affects your strength (+4).
   Slay+4:    It affects your accuracy & damage with ranged weapons and melee
   (+4).
   rF+:       It protects you from fire.
   rC+:       It protects you from cold.
   rN+++:     It renders you almost immune to negative energy.
 h - the ring "Loz Otz" (right hand) {rElec rF+ rCorr Dex+3 SInv}
   (You found it in a Gauntlet)

   [ring of resist corrosion]

   Dex+3:     It affects your dexterity (+3).
   rF+:       It protects you from fire.
   rElec:     It insulates you from electricity.
   SInv:      It lets you see invisible.
   rCorr:     It protects you from acid and corrosion.
 m - the amulet of the Mackerel {Reflect rC+ SH+5 Stlth+}
   (You found it on level 1 of the Lair of Beasts)

   [amulet of reflection]

   Reflect:   It reflects blocked missile attacks.
   rC+:       It protects you from cold.
   SH+5:      It affects your SH (+5).
   Stlth+:    It makes you more stealthy.
 B - a ring of willpower
   (You found it on level 1 of the Lair of Beasts)
 O - the amulet of the Four Winds (around neck) {rN+ Will+++ Clar}
   (You found it on level 3 of the Elven Halls)

   [amulet of nothing]

   rN+:       It protects you from negative energy.
   Will+++:   It greatly increases your willpower.
   Clar:      It protects you from confusion, rage, mesmerisation and fear.
 P - a ring of flight
   (You found it on level 1 of the Elven Halls)
 Z - the amulet "Vediunn" {Reflect Rampage Dex+5 SH+5}
   (You found it in an ice cave)

   [amulet of reflection]

   Reflect:   It reflects blocked missile attacks.
   Dex+5:     It affects your dexterity (+5).
   SH+5:      It affects your SH (+5).
   Rampage:   It bestows one free step when moving towards enemies.
Wands
 d - a wand of iceblast (69)
   (You found it on level 9 of the Dungeon)
 u - a wand of light (57)
   (You took it off an orc priest on level 8 of the Dungeon)
 v - a wand of digging (9)
   (You found it on level 3 of the Elven Halls)
 G - a wand of charming (41)
   (You found it on level 4 of the Dungeon)
 W - a wand of polymorph (16)
   (You found it on level 9 of the Dungeon)
Scrolls
 e - 8 scrolls of fog
 g - 7 scrolls of immolation {!r}
 i - 18 scrolls of teleportation {@r4}
 o - 6 scrolls of revelation
 w - 10 scrolls of vulnerability {!r}
 z - 3 scrolls of enchant weapon
 D - 11 scrolls of blinking
 E - 4 scrolls of summoning
 R - 4 scrolls of brand weapon
 T - 9 scrolls of fear
Potions
 j - 10 potions of heal wounds {@q2}
 k - 21 potions of curing {@q1}
 p - a potion of invisibility
 t - 11 potions of enlightenment
 A - 13 potions of haste {@q3}
 F - 6 potions of berserk rage
 H - 4 potions of ambrosia
 J - 2 potions of resistance
 M - 2 potions of lignification {!q}
 N - 12 potions of might
 U - 7 potions of cancellation
 V - 3 potions of mutation {!q}
 Y - 3 potions of magic
Miscellaneous
 x - a phial of floods
   (You found it on level 9 of the Dungeon)
 Q - a phantom mirror
   (You found it on level 8 of the Dungeon)


   Skills:
 O Level 27 Fighting
 O Level 27 Axes
 O Level 27 Armour
 + Level 14.8 Dodging
 - Level 3.2 Shields
 O Level 27 Invocations
 + Level 14.0 Evocations


You had 26 spell levels left.
You didn't know any spells.
Your spell library contained the following spells:

 Spells                   Type           Power      Damage    Failure   Level
 Apportation              Tloc           0%         N/A       94%         1
 Freeze                   Ice            0%         1d3       94%         1
 Kiss of Death            Conj/Necr      0%         2d5       94%         1
 Magic Dart               Conj           0%         1d3       94%         1
 Necrotise                Necr           0%         1d4       94%         1
 Sandblast                Erth           0%         2d4       94%         1
 Sting                    Conj/Alch      0%         1d3       94%         1
 Summon Small Mammal      Summ           0%         N/A       94%         1
 Blink                    Tloc           0%         N/A       98%         2
 Call Imp                 Summ           0%         N/A       98%         2
 Cigotuvi's Dreadful Rot  Necr/Alch/Air  0%         N/A       98%         2
 Ensorcelled Hibernation  Hex/Ice        0%         N/A       98%         2
 Lesser Beckoning         Tloc           0%         N/A       98%         2
 Mercury Vapours          Alch/Air       0%         N/A       98%         2
 Momentum Strike          Conj/Tloc      0%         3d8       98%         2
 Static Discharge         Conj/Air       0%         3-3/arc   98%         2
 Sublimation of Blood     Necr           0%         N/A       98%         2
 Call Canine Familiar     Summ           0%         N/A       100%        3
 Dazzling Flash           Conj/Hex       0%         N/A       100%        3
 Frozen Ramparts          Ice            0%         1d1       100%        3
 Fugue of the Fallen      Necr           0%         N/A       100%        3
 Gell's Gravitas          Tloc           0%         N/A       100%        3
 Hailstorm                Conj/Ice       0%         3d5       100%        3
 Inner Flame              Hex/Fire       0%         N/A       100%        3
 Mephitic Cloud           Conj/Alch/Air  0%         N/A       100%        3
 Ozocubu's Armour         Ice            0%         N/A       100%        3
 Passwall                 Erth           0%         N/A       100%        3
 Sigil of Binding         Hex            0%         N/A       100%        3
 Stone Arrow              Conj/Erth      0%         3d7       100%        3
 Summon Ice Beast         Ice/Summ       0%         N/A       100%        3
 Teleport Other           Tloc           0%         N/A       100%        3
 Volatile Blastmotes      Fire/Tloc      0%         2d10      100%        3
 Airstrike                Air            0%         2d(0-16)  100%        4
 Anguish                  Hex/Necr       0%         N/A       100%        4
 Animate Dead             Necr           0%         N/A       100%        4
 Brom's Barrelling Bould  Conj/Erth      0%         2d3       100%        4
 Cause Fear               Hex            0%         N/A       100%        4
 Dimensional Bullseye     Hex/Tloc       0%         N/A       100%        4
 Fulminant Prism          Conj/Alch      0%         3d5       100%        4
 Ignite Poison            Fire/Alch      0%         N/A       100%        4
 Iskenderun's Mystic Bla  Conj/Tloc      0%         2d3       100%        4
 Leda's Liquefaction      Alch/Erth      0%         N/A       100%        4
 Manifold Assault         Tloc           0%         N/A       100%        4
 Olgreb's Toxic Radiance  Alch           0%         N/A       100%        4
 Petrify                  Alch/Erth      0%         N/A       100%        4
 Sticky Flame             Fire/Alch      0%         2d4       100%        4
 Summon Blazeheart Golem  Fire/Summ      0%         N/A       100%        4
 Summon Lightning Spire   Summ/Air       0%         N/A       100%        4
 Vhi's Electric Charge    Tloc/Air       0%         N/A       100%        4
 Alistair's Intoxication  Alch           0%         N/A       100%        5
 Arcjolt                  Conj/Air       0%         1d10      100%        5
 Borgnjor's Vile Clutch   Necr/Erth      0%         N/A       100%        5
 Curse of Agony           Necr           0%         N/A       100%        5
 Fireball                 Conj/Fire      0%         3d3       100%        5
 Freezing Cloud           Conj/Ice/Air   0%         6-21      100%        5
 Irradiate                Conj/Alch      0%         3d11      100%        5
 Iskenderun's Battlesphe  Conj           0%         2d6       100%        5
 Lee's Rapid Deconstruct  Erth           0%         3d4*      100%        5
 Metabolic Englaciation   Hex/Ice        0%         N/A       100%        5
 Silence                  Hex/Air        0%         N/A       100%        5
 Summon Forest            Summ/Tloc      0%         N/A       100%        5
 Summon Mana Viper        Hex/Summ       0%         N/A       100%        5
 Yara's Violent Unravell  Hex/Alch       0%         3d3       100%        5
 Bombard                  Conj/Erth      0%         9d1       100%        6
 Conjure Ball Lightning   Conj/Air       0%         3x3d6     100%        6
 Death Channel            Necr           0%         N/A       100%        6
 Dispersal                Tloc           0%         N/A       100%        6
 Eringya's Noxious Bog    Alch           0%         4d6       100%        6
 Plasma Beam              Fire/Air       0%         2x1d10    100%        6
 Starburst                Conj/Fire      0%         6d3       100%        6
 Summon Cactus Giant      Summ           0%         N/A       100%        6
 Enfeeble                 Hex            0%         N/A       100%        7
 Haunt                    Necr/Summ      0%         N/A       100%        7
 Malign Gateway           Summ/Tloc      0%         N/A       100%        7
 Monstrous Menagerie      Summ           0%         N/A       100%        7
 Orb of Destruction       Conj           0%         9d5       100%        7
 Ozocubu's Refrigeration  Ice            0%         4d7       100%        7
 Spellforged Servitor     Conj/Summ      0%         N/A       100%        7
 Summon Hydra             Summ           0%         N/A       100%        7
 Borgnjor's Revivificati  Necr           0%         N/A       100%        8
 Discord                  Hex            0%         N/A       100%        8
 Ignition                 Fire           0%         3d3       100%        8
 Infestation              Necr           0%         N/A       100%        8
 Maxwell's Capacitive Co  Air            0%         ∞         100%        8
 Summon Horrible Things   Summ           0%         N/A       100%        8
 Chain Lightning          Conj/Air       0%         N/A       100%        9
 Death's Door             Necr           0%         N/A       100%        9
 Dragon's Call            Summ           0%         N/A       100%        9
 Polar Vortex             Ice            0%         N/A       100%        9


Dungeon Overview and Level Annotations

Branches:
Dungeon (15/15)            Temple (1/1) D:4            Lair (5/5) D:8
  Swamp (4/4) Lair:3        Snake (4/4) Lair:2        Slime (0/5) Lair:5
    Orc (2/2) D:9             Elf (3/3) Orc:2        Vaults (5/5) D:13
  Crypt (3/3) Vaults:3       Tomb (0/3) Crypt:3      Depths (4/4) D:15
    Zot (5/5) Depths:4      IceCv (visited)         Gauntlet (visited)

Altars:
Ashenzari
Cheibriados
Dithmenos
Elyvilon
Fedhas
Gozag
Hepliaklqana
Kikubaaqudgha
Makhleb
Nemelex Xobeh
Okawaru
Qazlal
Ru
Sif Muna
Trog
Uskayaw
Vehumet
Wu Jian
Xom
Yredelemnul
Zin
The Shining One

Shops:
D:3 *   D:13 *   Orc:2 [[([[!=[!   Elf:1 =(   Vaults:3 (   Depths:2 *
Depths:4 =:=

Portals:
Hell: Depths:1 Depths:2 Depths:3 Depths:4
Abyss: Depths:3
Pandemonium: Depths:2
Ziggurat: Depths:1
Bazaar: Elf:3
Trove: Elf:3 (give horn of Geryon)

Annotations:
Zot:1 2 transporters, kober's ghost, veteran MiBe


Innate Abilities, Weirdness & Mutations

You are agile. (Dex +4, Str/Int -1)
Your body sometimes deteriorates upon taking damage.
You are dopey. (Int -2)
You have an increased reservoir of magic. (+10% MP)
You are weak. (Str -2)
Your health recovers twice as slowly from being drained.


Message History

You chop the Orb Guardian into pieces!!!
You kill the Orb Guardian!
Qazlal accepts your kill.
What level of the Dungeon? (default 1, ? - help)
A toenail golem comes into view.
Unknown command.
A neqoxec comes into view.
You slash the neqoxec!
Space warps horribly around the neqoxec!
You chop the neqoxec into pieces!!!
You kill the neqoxec!
Qazlal accepts your kill.
There is a stone staircase leading up, spattered with blood here.
You climb upwards.
There is a stone staircase leading down, spattered with blood here.
What level of the Dungeon? (default 1, ? - help)
There is a stone staircase leading up here.
You climb upwards.
There is a stone staircase leading down here.
There is a stone staircase leading up here.
You climb upwards.
There is a stone staircase leading down here.
There is an escape hatch in the ceiling here.
A mysterious force pulls you upwards. The hatch slams shut behind you.
What level of the Dungeon? (default 1, ? - help)
There is a stone staircase leading up here.
You climb upwards.
There is a stone staircase leading down here.
There is an escape hatch in the ceiling here.
A mysterious force pulls you upwards. The hatch slams shut behind you.
What level of the Dungeon? (default 1, ? - help)
There is a stone staircase leading up here.
You climb upwards.
There is a stone staircase leading down here.
An Orb Guardian comes into view.
You rampage towards the Orb Guardian!
You slash the Orb Guardian!
Space warps horribly around the Orb Guardian!!
The Orb Guardian hits you but does no damage.
You slice the Orb Guardian!!
The Orb Guardian is devoured by a tear in reality.
What level of the Dungeon? (default 1, ? - help)
An Orb Guardian comes into view.
There is a stone staircase leading up here.
You climb upwards.
There is a stone staircase leading down here.
You see here a +0 whip.
There is an open door here.
There is a staircase leading out of the dungeon here.
You can't go down here!
You have escaped!

#.#.# #.###.....# #.. #.#.#
#..######.# #.# #.#.# ##.#......#
#.# #.#.## #####.'......# #.#
.....## #.....#......###.#
..###.##########'###.##+#####....
..# #........##...##.##.## #...##
..###.########.°...#.##..####.##
.#....######.#.8@8.#.##...# #.#
.##..........#.....#..'.#.# #.#
÷##...######.#######.##...# #.#
.##..## ### #.##..####.## .##..#
#.##.## #.#.# .....#############
#.#### ##..## ###.)........#...#
#.#### #.....
####.#########.#.###.##>######.##
.........# #.#..'..##...####.#


There were no monsters in sight!

Vanquished Creatures
  Frederick (Crypt:1)
  3 ancient liches
  3 orbs of fire
  Mennas (Vaults:2)
  2 juggernauts
  Sojobo (Vaults:5)
  A royal mummy (Crypt:3)
  6 Killer Klowns
  the Lernaean hydra (Swamp:4)
  Josephina (Crypt:3)
  Vashnia (Snake:2)
  Saint Roka (Vaults:1)
  6 golden dragons
  Nikola (Swamp:3)
  Norris (Elf:3)
  2 bone dragons
  6 electric golems
  21 tentacled monstrosities
  6 liches
  4 quicksilver dragons
  2 titans
  22 Orb Guardians
  A deep elf master archer (Elf:3)
  3 deep elf blademasters (Elf:3)
  Agnes (Snake:2)
  5 sphinxes
  An ancient champion (Crypt:1)
  4 death cobs
  A kraken (Swamp:3)
  Roxanne (Snake:3)
  A thorn hunter (Swamp:4)
  5 tengu reavers
  5 shadow dragons
  2 draconian monks
  3 draconian knights
  Donald (Snake:3)
  16 storm dragons
  10 frost giants
  4 protean progenitors
  5 iron dragons
  9 fire giants
  4 draconian shifters
  A daeva (Vaults:4)
  7 nagarajas
  3 draconian scorchers
  2 deep elf sorcerers (Elf:3)
  A caustic shrike zombie (Depths:2)
  An angel (Vaults:4)
  12 vault wardens
  A ghost moth (Zot:4)
  A draconian stormcaller (Zot:5)
  The ghost of Ciageutz the Thaumaturge, a journeyman GnHW of Sif Muna (Snake:2)
  4 deep elf elementalists (Elf:3)
  3 ghouls (Crypt:3)
  A balrug (D:14)
  3 curse skulls
  2 reapers (Crypt:3)
  A caustic shrike skeleton (Crypt:3)
  2 spriggan defenders
  13 stone giants
  15 ironbound preservers
  7 ironbound thunderhulks
  10 very ugly things
  2 orc warlords
  4 draconian annihilators
  7 deep elf demonologists
  2 eleionomae
  A formless jellyfish (Vaults:3)
  2 bunyips
  9 white draconians
  5 purple draconians
  12 red draconians
  7 black draconians
  7 green draconians
  3 vampire knights
  8 spark wasps
  7 deep elf death magi
  2 war gargoyles
  A minotaur (Gauntlet)
  4 dire elephants
  8 deep elf annihilators
  7 yellow draconians
  2 eidola
  2 crystal guardians (Vaults:4)
  8 ettins
  A blizzard demon (D:15)
  A spriggan zombie (Crypt:3)
  12 fire dragons
  6 mummy priests (Crypt:3)
  14 yaktaur captains
  3 entropy weavers
  29 vault guards
  9 great orbs of eyes
  14 ice dragons
  7 deep elf high priests
  8 alligators
  13 ironbound frosthearts
  6 salamander tyrants
  19 hydras
  2 ghost crabs
  5 centaur warriors
  2 peacekeepers (Vaults:4)
  2 sphinx zombies
  13 anacondas
  6 rakshasas
  A spriggan skeleton (Depths:1)
  5 ogre magi
  2 catoblepae
  An anaconda (shapeshifter) (Vaults:5)
  23 two-headed ogres
  7 boulder beetles
  An orc high priest (Vaults:2)
  3 vampire magi
  33 dancing weapons
  9 deep troll shamans
  2 hell hogs (Lair:5)
  10 naga warriors
  8 deep troll earth magi
  2 death knights
  12 death yaks
  6 tengu warriors
  A two-headed ogre (shapeshifter) (Vaults:3)
  An occultist (Depths:1)
  4 spriggan berserkers
  2 sun demons (D:14)
  A shock serpent (shapeshifter) (Elf:1)
  7 shock serpents
  33 naga sharpshooters
  25 deep elf knights
  14 hell knights
  4 salamander mystics
  A wretched star (Gauntlet)
  A shadow wraith (Crypt:3)
  5 goliath frogs
  6 skysharks
  6 skeletal warriors
  5 flayed ghosts
  A ghost moth zombie (Crypt:1)
  A shadow demon (Zot:2)
  Lodul (D:10)
  7 iron trolls
  3 sea snakes (Snake:1)
  A storm dragon skeleton (Depths:2)
  19 swamp dragons
  6 arcanists
  3 spriggan druids
  7 mana vipers
  7 bog bodies
  53 deep trolls
  19 orc knights
  11 lindwurms
  9 naga ritualists
  Pikel (D:7)
  17 deep elf archers
  3 glowing orange brains
  30 deep elf zephyrmancers
  9 necromancers
  A fenstrider witch simulacrum (Crypt:3)
  7 phantasmal warriors
  A lindwurm (shapeshifter) (Depths:4)
  An orange crystal statue (IceCv)
  19 ironbound convokers
  4 orc sorcerers
  8 harpies
  45 ugly things
  5 cyclopes
  An alligator zombie (Crypt:3)
  2 will-o-the-wisps
  30 deep elf pyromancers
  A frost giant skeleton (Depths:1)
  An oklob plant (Lair:5)
  7 manticores
  A stone giant zombie (Crypt:2)
  A wolf spider (D:15)
  A meliai (shapeshifter) (D:15)
  15 salamanders
  3 meliai
  11 elephants
  4 rust devils (Depths:4)
  An iron dragon skeleton (Depths:2)
  24 moths of wrath
  7 guardian serpents
  18 naga magi
  12 vault sentinels
  A black mamba (shapeshifter) (D:13)
  A torpor snail (Gauntlet)
  9 cane toads
  A mana viper zombie (Crypt:3)
  3 molten gargoyles (Lair:5)
  48 black mambas
  5 storm dragon simulacra (IceCv)
  Maggie (D:10)
  A minotaur zombie (Crypt:2)
  A gargoyle (D:12)
  3 rime drakes
  8 komodo dragons
  4 kobold demonologists (D:12)
  An efreet (D:12)
  3 freezing wraiths
  26 yaktaurs
  A tormentor (D:13)
  5 tengu conjurers
  A komodo dragon (shapeshifter) (Vaults:5)
  8 golden dragon simulacra (IceCv)
  A sea snake skeleton (Crypt:1)
  14 hornets
  27 guardian mummies (Crypt:3)
  A polar bear (shapeshifter) (D:8)
  A harpy skeleton (Crypt:3)
  8 trolls
  11 tyrant leeches
  A hydra skeleton (Crypt:3)
  A polar bear (Lair:2)
  5 tarantellas
  A glass eye (Depths:3)
  4 dream sheep (Lair:4)
  8 blink frogs
  3 air elementals
  A centaur simulacrum (Crypt:3)
  A spriggan (shapeshifter) (D:13)
  A culicivora (Vaults:1)
  19 slime creatures
  17 spriggans
  4 wraiths
  2 vampires
  36 yaks
  3 water elementals
  7 wyverns
  6 ushabtiu (Crypt:3)
  A wind drake zombie (Crypt:1)
  An ice dragon skeleton (Crypt:2)
  A yak (shapeshifter) (D:15)
  6 fire elementals
  Grum (D:9)
  5 redbacks
  6 basilisks
  2 neqoxecs
  A warg (Orc:1)
  2 vampire mosquitoes
  A harpy simulacrum (Crypt:3)
  2 steam dragons
  3 acid dragons
  A small abomination (Gauntlet)
  15 swamp worms
  49 nagas
  A swamp worm (shapeshifter) (Vaults:5)
  13 water moccasins
  A glowing shapeshifter zombie (Crypt:3)
  5 hell hounds (Lair:5)
  23 orc warriors
  9 swamp drakes
  A fire bat skeleton (Crypt:1)
  25 laughing skulls
  3 ice beasts
  2 black bears
  An ettin simulacrum (Crypt:3)
  A sky beast (D:7)
  A dream sheep zombie (Crypt:2)
  The ghost of nitefall the Trooper, an amateur DgFi (D:3)
  5 ice dragon simulacra (IceCv)
  A torpor snail zombie (Crypt:3)
  15 wolves
  A boggart (D:15)
  14 centaurs
  2 lindwurm skeletons (Crypt:1)
  37 ogres
  2 lemures (D:7)
  2 phantoms (D:5)
  A dream sheep skeleton (Crypt:2)
  3 kobold brigands
  22 bullfrogs
  A gnoll sergeant (D:5)
  9 weeping skulls (Crypt:3)
  A draconian skeleton (Crypt:1)
  6 scorpions
  4 necrophages
  3 earth elementals
  A vine stalker zombie (Crypt:3)
  3 wights (D:5)
  A wyvern skeleton (Crypt:2)
  The ghost of onwiheg the Trooper, a weakling BaFi (D:3)
  9 killer bees
  2 lindwurm simulacra (IceCv)
  10 electric eels
  A howler monkey (D:12)
  A troll skeleton (Crypt:1)
  5 lava snakes (Lair:5)
  A bombardier beetle (D:6)
  2 bullfrog zombies (D:5)
  2 human zombies
  A jelly (D:4)
  25 orc priests
  Crazy Yiuf (D:7)
  2 hounds
  An iguana (D:5)
  16 orc wizards
  2 sleepcaps
  A scorpion zombie (D:5)
  A naga zombie (Crypt:2)
  A tengu zombie (Crypt:2)
  A sky beast zombie (Crypt:1)
  An acid dragon skeleton (Crypt:2)
  16 mummies
  6 gnolls
  7 adders
  A shadow imp (D:7)
  2 white imps (D:5)
  2 ufetubi (D:5)
  An iguana skeleton (Crypt:3)
  2 adder zombies
  4 dart slugs
  A ribbon worm (D:3)
  83 orcs
  5 endoplasms
  3 giant cockroaches
  7 goblins
  8 hobgoblins
  13 kobolds
  6 quokkas
  8 ball pythons
  2 bats (D:1)
  2 frilled lizards
  A giant cockroach zombie (Crypt:1)
  A jackal zombie (Crypt:3)
  A kobold skeleton (Crypt:2)
  A rat (D:2)
  A spectral weapon (Depths:2)
2131 creatures vanquished.

Vanquished Creatures (collateral kills)
  Mara (Vaults:3)
  Zenata (D:13)
  A titan (Vaults:5)
  A deep elf death mage (Vaults:5)
  An ice dragon (IceCv)
  A yaktaur captain (Vaults:5)
  A phantasmal warrior (Vaults:5)
  A golden dragon simulacrum (IceCv)
8 creatures vanquished.

Vanquished Creatures (others)
  A tentacled monstrosity (Vaults:5)
  A draconian shifter (Zot:3)
  An ogre mage (Vaults:5)
  A naga warrior (Snake:2)
  A dancing weapon (Elf:1)
  A deep elf knight (Elf:2)
  An iron troll (Depths:3)
  2 bloated husks (Swamp:4)
  A water elemental (Elf:1)
  An orc warrior (Vaults:1)
  6 foxfires (Swamp:2)
  4 tentacles (Swamp:3)
21 creatures vanquished.

Grand Total: 2160 creatures vanquished

Notes
Turn   | Place    | Note
-------+----------+-------------------------------------------
     0 | D:1      | James the Hill Orc Fighter began the quest for the Orb.
     0 | D:1      | Reached XP level 1. HP: 19/19 MP: 1/1
    48 | D:1      | Reached XP level 2. HP: 7/26 MP: 2/2
   495 | D:1      | Reached XP level 3. HP: 30/31 MP: 3/3
   832 | D:2      | Reached skill level 5 in Axes
  1274 | D:2      | Reached XP level 4. HP: 39/39 MP: 4/4
  1803 | D:3      | Found a runed translucent gate.
  1804 | D:3      | Found a runed translucent gate.
  1805 | D:3      | Found a runed translucent gate.
  1814 | D:3      | Noticed onwiheg's ghost (weakling BaFi)
  1814 | D:3      | Noticed nitefall's ghost (amateur DgFi)
  1977 | D:3      | Found Lusk's General Store.
  2295 | D:3      | Bought a scroll of blinking for 82 gold pieces
  2493 | D:4      | Noticed a scorpion
  2505 | D:4      | Killed a scorpion
  2506 | D:4      | Reached XP level 5. HP: 31/45 MP: 5/5
  2618 | D:4      | Found a staircase to the Ecumenical Temple.
  2729 | Temple   | Entered the Ecumenical Temple
  2866 | D:4      | Reached XP level 6. HP: 47/51 MP: 4/6
  3271 | D:5      | Entered Level 5 of the Dungeon
  3469 | D:5      | Found a shadowy altar of Dithmenos.
  3504 | D:5      | Reached XP level 7. HP: 54/57 MP: 7/7
  3531 | D:5      | Reached skill level 10 in Axes
  3592 | D:5      | Found a shimmering blue altar of Sif Muna.
  3955 | D:5      | Reached XP level 8. HP: 64/64 MP: 8/8
  4120 | D:5      | Found a basalt altar of Yredelemnul.
  5182 | D:6      | Reached XP level 9. HP: 70/70 MP: 9/9
  5336 | D:6      | Found a white marble altar of Elyvilon.
  5340 | D:6      | Reached skill level 15 in Axes
  6247 | D:7      | Got Xidda's Compendium of the Impure Tundra
  6523 | D:7      | Noticed Pikel
  6546 | D:7      | Killed Pikel
  6547 | D:7      | Reached skill level 5 in Fighting
  6737 | D:7      | Found a runed translucent door.
  6738 | D:7      | Noticed Crazy Yiuf
  7025 | D:7      | Killed Crazy Yiuf
  7079 | D:8      | Found the amulet of Elemental Vulnerability {rPois rF--
                  | rC-- AC+8}
  7538 | D:8      | Noticed a purple ugly thing
  7555 | D:8      | Killed a purple ugly thing
  7556 | D:8      | Reached skill level 5 in Armour
  7556 | D:8      | Reached XP level 10. HP: 66/83 MP: 8/10
  7854 | D:8      | Found a staircase to the Lair.
  8095 | D:8      | Noticed a cyclops
  8115 | D:8      | Killed a cyclops
  8147 | D:8      | Identified the staff of Ruination {^Fragile rPois Int+2
                  | SInv Alchemy}
  8180 | D:8      | Noticed a two-headed ogre
  8180 | D:8      | Noticed a green ugly thing
  8186 | D:8      | Killed a two-headed ogre
  8194 | D:8      | Killed a green ugly thing
  8195 | D:8      | Reached XP level 11. HP: 36/95 MP: 5/11
  8919 | D:9      | Noticed a two-headed ogre
  8928 | D:9      | Killed a two-headed ogre
  9603 | D:9      | Found a staircase to the Orcish Mines.
  9881 | D:9      | Noticed Grum
 10470 | D:9      | Killed Grum
 10938 | D:9      | Found a broken altar of Ashenzari.
 10944 | D:9      | Found a stormy altar of Qazlal.
 10948 | D:9      | Became a worshipper of Qazlal Stormbringer
 10962 | D:9      | Found a blossoming altar of Fedhas.
 11251 | D:9      | Found a sacrificial altar of Ru.
 11276 | D:9      | Found a shimmering altar of Xom.
 11452 | D:10     | Entered Level 10 of the Dungeon
 11585 | D:10     | Noticed Lodul
 11600 | D:10     | Killed Lodul
 11604 | D:10     | Noticed a boulder beetle
 11822 | D:10     | Noticed a two-headed ogre
 11830 | D:10     | Killed a two-headed ogre
 11831 | D:10     | Reached skill level 10 in Fighting
 11852 | D:10     | Found a hide-covered altar of Uskayaw.
 11991 | D:10     | Found a snail-covered altar of Cheibriados.
 12004 | D:10     | Killed a boulder beetle
 12131 | D:10     | Noticed a cyclops
 12139 | D:10     | Killed a cyclops
 12278 | D:10     | Noticed Maggie
 12290 | D:10     | Killed Maggie
 12569 | D:10     | Found a glowing silver altar of Zin.
 12770 | D:10     | Identified the orb "Gewor" {light, +Blink Alchemy}
 12911 | D:10     | Found a sparkling altar of Nemelex Xobeh.
 13406 | D:11     | Reached XP level 12. HP: 95/108 MP: 10/12
 13593 | D:11     | Reached skill level 10 in Armour
 14216 | Lair:1   | Entered Level 1 of the Lair of Beasts
 14977 | Lair:1   | Noticed a five-headed hydra
 14988 | Lair:1   | Killed a seven-headed hydra
 15102 | Lair:1   | Identified the amulet of the Mackerel {Reflect rC+ SH+5
                  | Stlth+}
 15582 | Lair:2   | Identified a scroll of acquirement
 15899 | Lair:2   | Noticed a four-headed hydra
 15911 | Lair:2   | Killed a four-headed hydra
 16004 | Lair:2   | Found a staircase to the Snake Pit.
 16010 | Lair:2   | You fall into a shaft and drop 1 floor!
 16121 | Lair:3   | Acquired a +4 ring of slaying
 16131 | Lair:3   | Reached * piety under Qazlal
 16226 | Lair:2   | Noticed a catoblepas
 16291 | Lair:2   | Noticed a skyshark
 16305 | Lair:2   | Killed a skyshark
 16340 | Lair:2   | Killed a catoblepas
 17332 | Lair:3   | Reached XP level 13. HP: 101/119 MP: 13/13
 17730 | Lair:3   | Found a staircase to the Swamp.
 18169 | Lair:4   | Found a gate leading to a gauntlet.
 18200 | Gauntlet | Entered a Gauntlet
 18200 | Gauntlet | Found a transporter.
 18200 | Gauntlet | Found a transporter.
 18410 | Gauntlet | Found a runed translucent door.
 18415 | Gauntlet | Found a transporter.
 18427 | Gauntlet | Found a transporter.
 18445 | Gauntlet | Found a transporter.
 18445 | Gauntlet | Found a transporter.
 18445 | Gauntlet | Found a transporter.
 18447 | Gauntlet | Found a transporter.
 18447 | Gauntlet | Found a transporter.
 18459 | Gauntlet | Found a transporter.
 18475 | Gauntlet | Found a transporter.
 18485 | Gauntlet | Found a transporter.
 18501 | Gauntlet | Found a transporter.
 18519 | Gauntlet | Found a transporter.
 18573 | Gauntlet | Identified the ring "Loz Otz" {rElec rF+ rCorr Dex+3 SInv}
 18746 | Gauntlet | Identified the ring of the Heavens {rC+ Dex+4}
 18806 | Gauntlet | Identified the +4 quarterstaff "Killer Klown's Death"
                  | {flame, ^Fragile rF++ rC- Stlth+}
 18806 | Gauntlet | Noticed a minotaur
 18816 | Gauntlet | Killed a minotaur
 18822 | Gauntlet | Got the Anthology of Support and Fascination
 19081 | Lair:4   | Reached skill level 1 in Dodging
 19874 | Lair:3   | Reached ** piety under Qazlal
 20046 | Lair:4   | Reached skill level 15 in Fighting
 20127 | Lair:4   | Reached XP level 14. HP: 128/135 MP: 14/14
 20570 | Lair:5   | Entered Level 5 of the Lair of Beasts
 21170 | Lair:5   | Found a staircase to the Slime Pits.
 21183 | Lair:5   | Identified the +2 long sword "Grim Tooth" {protect, rElec
                  | Int+3}
 21201 | Lair:5   | Reached skill level 5 in Invocations
 21503 | Lair:5   | Reached *** piety under Qazlal
 21841 | Lair:5   | Reached skill level 10 in Invocations
 22506 | Lair:5   | Found a large runed translucent door.
 22507 | Lair:5   | Found a large runed translucent door.
 23229 | D:3      | Killed onwiheg's ghost
 23231 | D:3      | Killed nitefall's ghost
 23630 | D:12     | Reached **** piety under Qazlal
 23928 | D:12     | Reached XP level 15. HP: 141/141 MP: 25/25
 23978 | D:12     | Reached skill level 15 in Invocations
 24238 | D:12     | Identified the +3 long sword "Ogreslayer" {venom, Dex+3}
 24968 | Orc:1    | Entered Level 1 of the Orcish Mines
 25198 | Orc:1    | Reached skill level 5 in Dodging
 25399 | Orc:2    | Entered Level 2 of the Orcish Mines
 25429 | Orc:2    | Found a burning altar of Makhleb.
 25458 | Orc:2    | Found Sodargh's Armour Boutique.
 25511 | Orc:2    | Found a staircase to the Elven Halls.
 25513 | Orc:2    | Found Yheoch's Antique Weapon Boutique.
 25523 | Orc:2    | Reached ***** piety under Qazlal
 25807 | Orc:2    | Found Ityzxetz's Distillery.
 26315 | Orc:2    | Found Ecig's Armour Emporium.
 26315 | Orc:2    | Found Neqodgh's Jewellery Shop.
 26315 | Orc:2    | Found Eluqun's Distillery.
 26315 | Orc:2    | Found Heukas Kere's Antique Armour Shoppe.
 26344 | Orc:2    | Found Cigewke's Antique Armour Emporium.
 26363 | Orc:2    | Found Ugiesot's Armour Shoppe.
 26777 | Orc:2    | Bought a scorched battleaxe for 333 gold pieces
 26777 | Orc:2    | Identified the +3 battleaxe "Woploj" {flame, rPois rF++
                  | Dex-4 Stlth+} (You bought it in a shop on level 2 of the
                  | Orcish Mines)
 26801 | Orc:2    | Bought a +0 pair of gloves for 72 gold pieces
 26844 | Orc:2    | Bought a potion of berserk rage for 55 gold pieces
 26844 | Orc:2    | Bought 2 potions of heal wounds for 110 gold pieces
 27219 | D:13     | Found a gate to the Vaults.
 27473 | D:13     | Reached XP level 16. HP: 151/151 MP: 28/28
 27774 | D:13     | Found Guxka's Assorted Antiques.
 27945 | D:14     | Reached skill level 15 in Armour
 28580 | D:15     | Entered Level 15 of the Dungeon
 28808 | D:15     | Reached ****** piety under Qazlal
 28896 | D:15     | Found the +5 Storm Queen's Shield {shock, Fly rElec}
 28967 | D:15     | Identified the +12 great mace of the Vase {antimagic,
                  | Int+7}
 29619 | D:15     | Found a staircase to the Depths.
 30016 | Orc:2    | Bought a potion of heal wounds for 55 gold pieces
 30016 | Orc:2    | Bought a potion of heal wounds for 55 gold pieces
 30224 | Swamp:1  | Entered Level 1 of the Swamp
 32942 | Swamp:3  | Noticed a kraken
 32958 | Swamp:3  | Killed a kraken
 33177 | Swamp:3  | Reached XP level 17. HP: 161/163 MP: 30/30
 33709 | Swamp:4  | Entered Level 4 of the Swamp
 33709 | Swamp:4  | Noticed Nikola
 33737 | Swamp:3  | Killed Nikola
 34583 | Swamp:4  | Identified the serpent talisman of the Evening {SInv}
 35425 | Swamp:4  | Noticed the 27-headed Lernaean hydra
 35435 | Swamp:4  | Killed the 22-headed Lernaean hydra
 36024 | Swamp:4  | Got a decaying rune of Zot
 36287 | Snake:1  | Entered Level 1 of the Snake Pit
 36799 | Snake:1  | HP: 7/166 [naga warrior/splash of poison (13)]
 38053 | Snake:2  | Noticed Vashnia
 38127 | Snake:2  | Reached XP level 18. HP: 124/174 MP: 31/31
 38785 | Snake:2  | Killed Vashnia
 38942 | Snake:2  | Found a runed translucent gate.
 38942 | Snake:2  | Found a runed translucent gate.
 38942 | Snake:2  | Found a runed translucent gate.
 38944 | Snake:2  | Noticed Ciageutz's ghost (journeyman GnHW)
 39041 | Snake:2  | Noticed Agnes
 39053 | Snake:2  | Killed Agnes
 39399 | Snake:2  | Found a shimmering blue altar of Sif Muna.
 39405 | Snake:2  | Found a transporter.
 39847 | Snake:3  | Noticed Donald
 39857 | Snake:3  | Killed Donald
 40253 | Snake:3  | Noticed Roxanne
 41503 | Snake:3  | Killed Roxanne
 41591 | Snake:4  | Entered Level 4 of the Snake Pit
 41631 | Snake:4  | Found a glacial archway.
 41668 | IceCv    | Entered an ice cave
 42410 | IceCv    | Noticed a golden dragon
 42420 | IceCv    | Killed a golden dragon
 42629 | IceCv    | Got the Vellum of Refrigeration
 42643 | IceCv    | Identified the amulet "Muhuutie" {rF+ Regen+}
 42647 | IceCv    | Identified the amulet "Vediunn" {Reflect Rampage Dex+5
                  | SH+5}
 43100 | Snake:4  | Reached XP level 19. HP: 135/185 MP: 33/33
 44899 | Snake:4  | Got a serpentine rune of Zot
 45252 | Snake:2  | Killed Ciageutz's ghost
 45631 | Vaults:1 | Entered Level 1 of the Vaults
 45631 | Vaults:1 | Noticed Zenata
 45796 | D:13     | Killed Zenata
 48172 | Vaults:2 | Reached XP level 20. HP: 198/198 MP: 34/34
 48181 | Vaults:2 | Noticed Saint Roka
 48205 | Vaults:1 | Killed Saint Roka
 48690 | Vaults:2 | Noticed Mennas
 48723 | Vaults:2 | Killed Mennas
 50463 | Vaults:3 | Noticed Mara
 50484 | Vaults:3 | Killed Mara
 50698 | Vaults:3 | Paralysed by a formless jellyfish for 1 turns
 51308 | Vaults:3 | Noticed a bone dragon
 51325 | Vaults:3 | Killed a bone dragon
 51366 | Vaults:3 | Found a staircase to the Crypt.
 51534 | Vaults:3 | Reached XP level 21. HP: 160/207 MP: 36/36
 52011 | Vaults:3 | Found Goconud's Weapon Shop.
 52016 | Vaults:3 | Bought 2 throwing nets for 60 gold pieces
 52016 | Vaults:3 | Bought 3 darts of dispersal for 27 gold pieces
 53494 | Vaults:4 | Found a runed translucent gate.
 53494 | Vaults:4 | Found a runed translucent gate.
 53495 | Vaults:4 | Found a runed translucent gate.
 53860 | Vaults:4 | Identified the +2 robe of the Orbs {Rampage MP-9 Slay+3}
 54445 | Elf:1    | Entered Level 1 of the Elven Halls
 54635 | Elf:1    | Paralysed by an air elemental for 1 turns
 54638 | Elf:1    | Paralysed by an air elemental for 1 turns
 54642 | Elf:1    | Paralysed by an air elemental for 1 turns
 55251 | Elf:1    | Found Alip Kac's Jewellery Shop.
 55256 | Elf:1    | Found Qyfun's Antique Weapon Shop.
 55772 | Elf:1    | Bought the ring "Efeitt" {rF+ rC+ rN+++ Str+4 Slay+4} for
                  | 1429 gold pieces
 56584 | Elf:2    | Found a radiant altar of Vehumet.
 56699 | Elf:2    | Paralysed by an air elemental for 1 turns
 56822 | Elf:2    | Found a runed translucent gate.
 56823 | Elf:2    | Found a runed translucent gate.
 56823 | Elf:2    | Found a runed translucent gate.
 56880 | Elf:2    | Reached XP level 22. HP: 217/217 MP: 38/38
 57046 | Elf:3    | Entered Level 3 of the Elven Halls
 57182 | Elf:3    | Noticed Norris
 57196 | Elf:3    | Killed Norris
 57361 | Elf:3    | Paralysed by an air elemental for 1 turns
 57925 | Elf:3    | Found a gateway to a bazaar.
 57964 | Elf:3    | Found a portal to a secret trove of treasure.
 58965 | Elf:3    | Got the Vellum of Transmutation and Snow
 58968 | Elf:3    | Found the amulet of the Four Winds {rN+ Will+++ Clar}
 58985 | Elf:3    | Identified the +3 leather armour of Insecurity {rC- rN++
                  | Str+5}
 59016 | Elf:3    | Identified the +5 spear of Sin {pain, Int+3 Dex+3}
 59018 | Elf:3    | Got the Quarto of Cryomancy and the Boggart
 59023 | Elf:3    | Identified the +7 mace of Adverse Possession {drain, MP+9}
 59060 | Elf:3    | Identified the +0 helmet "Xinweid" {+Blink rPois Str+2}
 59098 | Elf:3    | Identified the +4 hand cannon of Valiance {freeze, *Slow
                  | Str+3 Int+3}
 59403 | Elf:3    | Found a gateway to a bazaar.
 59441 | Elf:3    | Found a portal to a secret trove of treasure.
 59961 | Elf:2    | Reached skill level 1 in Evocations
 60499 | Elf:2    | Reached skill level 5 in Evocations
 61126 | Depths:1 | Entered Level 1 of the Depths
 61493 | Depths:1 | Found a runed translucent door.
 61625 | Depths:1 | Found a gateway to Hell.
 61812 | Depths:1 | Reached XP level 23. HP: 204/227 MP: 39/39
 62125 | Depths:1 | Found a one-way gateway to a ziggurat.
 62399 | Depths:1 | Found a hazy altar of Hepliaklqana.
 62543 | Depths:2 | Noticed a juggernaut
 62558 | Depths:1 | Killed a juggernaut
 62559 | Depths:1 | Reached skill level 10 in Evocations
 64066 | Depths:2 | Found Xuanopt Jofu's General Store.
 64124 | Depths:2 | Bought a +2 pair of boots of rampaging for 301 gold pieces
 64124 | Depths:2 | Bought a scroll of enchant weapon for 105 gold pieces
 64340 | Depths:2 | Got the Parchment of the Nexus
 64370 | Depths:2 | Found a one-way gate leading to the halls of Pandemonium.
 64468 | Depths:2 | Identified the +2 pair of boots of the Chupacabra {rF+
                  | Int+2 Dex+5}
 64474 | Depths:2 | Identified the staff of Dust {rElec rPois rF+ rN+ Stlth+
                  | Necro}
 65456 | Depths:3 | Identified the amulet "Jotuiwo" {Faith rPois}
 65463 | Depths:3 | Noticed an ancient lich
 65479 | Depths:2 | Banished an ancient lich
 65480 | Depths:2 | Reached XP level 24. HP: 174/238 MP: 39/39
 65770 | Depths:3 | Found a one-way gate to the infinite horrors of the Abyss.
 66366 | Depths:4 | Entered Level 4 of the Depths
 66482 | Depths:4 | Noticed a juggernaut
 66496 | Depths:4 | Killed a juggernaut
 67209 | Depths:4 | Found a gate to the Realm of Zot.
 67468 | Depths:4 | Found Ceddeif's Jewellery Shop.
 67471 | Depths:4 | Found Vueg's Book Emporium.
 67472 | Depths:4 | Found Gisubb's Jewellery Shop.
 68693 | Snake:2  | Found a transporter.
 69333 | Vaults:4 | Found a glowing golden altar of the Shining One.
 69357 | Vaults:4 | Identified the ring "Onkyca" {Wiz Dex+2}
 69430 | Vaults:5 | Entered Level 5 of the Vaults
 69434 | Vaults:5 | Noticed Sojobo
 69681 | Vaults:5 | Reached skill level 27 in Axes
 69694 | Vaults:5 | Paralysed by an air elemental for 1 turns
 69699 | Vaults:5 | Killed Sojobo
 69701 | Vaults:5 | Reached XP level 25. HP: 107/250 MP: 32/40
 70101 | Vaults:5 | Reached skill level 10 in Dodging
 70194 | Vaults:5 | Identified the +0 ring mail "Adexug" {Int+2}
 70456 | Vaults:5 | Got a silver rune of Zot
 70494 | Vaults:5 | Identified the +6 dire flail "Orghyone" {venom, *Noise
                  | +Blink rF+ Will+}
 70517 | Vaults:5 | Identified the +10 quarterstaff of Drought {heavy, rPois}
 70839 | Vaults:5 | Got the Incunabulum of Chilblains
 70869 | Vaults:5 | Identified the staff of Indomitability {rF+ rN+ Conj Air}
 71183 | Crypt:1  | Entered Level 1 of the Crypt
 71295 | Crypt:1  | Identified the orb of Devotion {light, Will+++ Int-2 Tloc}
 71295 | Crypt:1  | Noticed Frederick
 71307 | Crypt:1  | Killed Frederick
 71520 | Crypt:1  | Found an ancient bone altar of Kikubaaqudgha.
 72343 | Crypt:2  | Reached skill level 27 in Invocations
 72673 | Crypt:3  | Entered Level 3 of the Crypt
 73123 | Crypt:3  | Got the Compilation of Productive Inhalation
 73127 | Crypt:3  | Identified the ring "Apni" {Wiz ^Drain Slay+5}
 73128 | Crypt:3  | Identified the amulet "Baituq" {Reflect Str-3 Int+4 SH+5}
 73380 | Crypt:3  | Identified the ring of Creativity {Ice Str+2 Dex+3 Stlth+}
 73380 | Crypt:3  | Identified the death talisman "Socaowyo" {Int+3}
 73380 | Crypt:3  | Noticed Josephina
 73390 | Crypt:3  | Killed Josephina
 74129 | Crypt:3  | Found an ancient bone altar of Kikubaaqudgha.
 74551 | Crypt:3  | Found a staircase to the Tomb.
 75198 | Crypt:3  | Noticed a royal mummy
 75216 | Crypt:3  | Killed a royal mummy
 75450 | Crypt:3  | Identified the ring "Zaufu" {Ice +Blink rN+ Str+3}
 75465 | Crypt:3  | Got the Handbook of Debased Deeds
 75466 | Crypt:3  | Identified the +0 ring mail of Birdsong {rPois rCorr Int+5
                  | Dex-3}
 76181 | Zot:1    | Entered Level 1 of the Realm of Zot
 76199 | Zot:1    | Reached XP level 26. HP: 256/261 MP: 40/40
 76645 | Zot:1    | Found a transporter.
 76655 | Zot:1    | Identified the +1 cloak of the Silversmith {Int+3}
 76655 | Zot:1    | Identified the ring of Lelee {Dex+2 SInv}
 76676 | Zot:1    | Identified the amulet of Tempters {RegenMP Harm Str+3}
 76682 | Zot:1    | Identified the +1 cloak of the Clean Grue {rElec rC+ Str+5
                  | SInv}
 76788 | Zot:1    | Found a transporter.
 76791 | Zot:1    | Found a bloodstained altar of Trog.
 76802 | Zot:1    | Noticed kober's ghost (veteran MiBe)
 77438 | Orc:2    | Bought a potion of enlightenment for 55 gold pieces
 77438 | Orc:2    | Bought a potion of haste for 110 gold pieces
 77438 | Orc:2    | Bought a potion of curing for 33 gold pieces
 77438 | Orc:2    | Bought a potion of haste for 110 gold pieces
 77438 | Orc:2    | Bought a potion of curing for 33 gold pieces
 77471 | Orc:2    | Bought a potion of might for 68 gold pieces
 77471 | Orc:2    | Bought a potion of heal wounds for 85 gold pieces
 77471 | Orc:2    | Bought a potion of cancellation for 136 gold pieces
 77471 | Orc:2    | Bought a potion of curing for 51 gold pieces
 77471 | Orc:2    | Bought a potion of curing for 51 gold pieces
 77471 | Orc:2    | Bought 2 potions of haste for 340 gold pieces
 79083 | Zot:3    | Reached skill level 27 in Fighting
 79379 | Zot:3    | You fall into a shaft and drop 1 floor!
 79877 | Zot:3    | Found a shimmering blue altar of Sif Muna.
 80752 | Zot:4    | Identified the +2 pair of boots "Odedooh" {rElec Will+}
 80934 | Zot:5    | Entered Level 5 of the Realm of Zot
 80957 | Zot:5    | Reached XP level 27. HP: 242/273 MP: 40/40
 81598 | Zot:5    | Noticed an orb of fire
 81602 | Zot:5    | Gained mutation: You are dopey. (Int -2) [an orb of fire]
 81604 | Zot:5    | Gained mutation: You are occasionally teleported next to
                  | monsters. [an orb of fire]
 81607 | Zot:5    | Noticed an ancient lich
 81617 | Zot:5    | Noticed an orb of fire
 81628 | Zot:4    | Banished an orb of fire
 81767 | Zot:4    | Lost mutation: You are dopey. (Int -2) [potion of mutation]
 81767 | Zot:4    | Lost mutation: You are occasionally teleported next to
                  | monsters. [potion of mutation]
 81767 | Zot:4    | Gained mutation: You are partially covered in iridescent
                  | scales. (AC +2) [potion of mutation]
 81767 | Zot:4    | Gained mutation: You are strong-willed. (Will+) [potion of
                  | mutation]
 81773 | Zot:5    | Gained mutation: You are dopey. (Int -2) [an orb of fire]
 81773 | Zot:5    | Noticed an orb of fire
 81776 | Zot:5    | Noticed an orb of fire
 81779 | Zot:5    | Noticed an orb of fire
 81780 | Zot:5    | Killed an ancient lich
 81785 | Zot:5    | Killed an orb of fire
 81790 | Zot:5    | Gained mutation: Your body sometimes deteriorates upon
                  | taking damage. [an orb of fire]
 81791 | Zot:5    | Gained mutation: Your magical capacity is low. (-10% MP)
                  | [an orb of fire]
 81792 | Zot:5    | Noticed an ancient lich
 81796 | Zot:4    | Gained mutation: Your health recovers twice as slowly from
                  | being drained. [an orb of fire]
 81798 | Zot:4    | Banished an orb of fire
 81801 | Zot:4    | Killed an orb of fire
 82025 | Zot:4    | Lost mutation: Your health recovers twice as slowly from
                  | being drained. [an orb of fire]
 82029 | Zot:4    | Killed an orb of fire
 82184 | Zot:5    | Noticed an orb of fire
 82192 | Zot:4    | Killed an ancient lich
 82493 | Zot:4    | Banished an orb of fire
 82898 | Zot:5    | Noticed an ancient lich
 82912 | Zot:5    | Killed an ancient lich
 82913 | Zot:5    | Reached skill level 27 in Armour
 82938 | Zot:5    | Identified the +7 arbalest of Voracious Innocence {freeze,
                  | ^Fragile rF+ Dex+2}
 82950 | Zot:5    | Gained mutation: You are vulnerable to heat. (rF-)
                  | [mutagenic glow]
 82963 | Zot:5    | Gained mutation: Armour fits poorly on your strangely
                  | shaped body. [mutagenic glow]
 83385 | Zot:4    | Lost mutation: You are partially covered in iridescent
                  | scales. (AC +2) [potion of mutation]
 83385 | Zot:4    | Lost mutation: Your magical capacity is low. (-10% MP)
                  | [potion of mutation]
 83385 | Zot:4    | Lost mutation: You are strong-willed. (Will+) [potion of
                  | mutation]
 83385 | Zot:4    | Gained mutation: You occasionally lose the ability to read
                  | scrolls when taking damage. [potion of mutation]
 83386 | Zot:4    | Lost mutation: Armour fits poorly on your strangely shaped
                  | body. [potion of mutation]
 83386 | Zot:4    | Lost mutation: You are vulnerable to heat. (rF-) [potion of
                  | mutation]
 83386 | Zot:4    | Gained mutation: Your spells are a little easier to cast,
                  | but a little less powerful. [potion of mutation]
 83386 | Zot:4    | Gained mutation: You are weak. (Str -2) [potion of
                  | mutation]
 83386 | Zot:4    | Lost mutation: You occasionally lose the ability to read
                  | scrolls when taking damage. [potion of mutation]
 83386 | Zot:4    | Gained mutation: You are agile. (Dex +4, Str/Int -1)
                  | [potion of mutation]
 83387 | Zot:4    | Lost mutation: Your spells are a little easier to cast, but
                  | a little less powerful. [potion of mutation]
 83387 | Zot:4    | Lost mutation: You are dopey. (Int -2) [potion of mutation]
 83387 | Zot:4    | Gained mutation: You are dopey. (Int -2) [potion of
                  | mutation]
 83387 | Zot:4    | Gained mutation: Your health recovers twice as slowly from
                  | being drained. [potion of mutation]
 83387 | Zot:4    | Gained mutation: You have an increased reservoir of magic.
                  | (+10% MP) [potion of mutation]
 84355 | Zot:5    | Got the Orb of Zot
 84547 | D:15     | Noticed Uhobbidd the pandemonium lord
 84822 | D:$      | Escaped with the Orb!

Illustrated notes

Levels and vault maps discovered:
D:1:      dpeg_arrival_renting, layout_loops_ring
D:2:      layout_basic
D:3:      layout_basic, serial_shops, shop, gammafunk_ghost_cemetery
D:4:      kennysheep_six_static_rooms, layout_loops_ring,
          minmay_temple_entry_purple_smoke
D:5:      minmay_inner_zag, layout_loops_ring, lemuel_crystal_altar,
          lemuel_mausoleum_altar_yredelemnul, led_sif_pool
D:6:      layout_basic, elyvilon_altar_5
D:7:      layout_loops_ring, minmay_misc_feat_cross, uniq_crazy_yiuf_cottage,
          uniq_pikel
D:8:      minmay_tri_box, layout_basic, due_lair_maze_entry_diamond,
          water_boxes_lemuel
D:9:      layout_layer_cave, jmf_multi_god_temple2,
          mainiacjoe_overflow_big_doors, mainiacjoe_overflow_surrounded_room,
          hiddenorc2_lemuel, uniq_grum
D:10:     layout_loops_ring, nemelex_diamond_rough_becter, zin_treasury,
          nicolae_overflow_crystal_walls, lemuel_coloured_pillars_altar,
          minmay_misc_feat_more_columns, uniq_maggie, uniq_lodul
D:11:     layout_irregular_city, serial_rivers, chequers_serial_rivers_large_a,
          chequers_serial_rivers_small_a, chequers_serial_rivers_small_a,
          chequers_serial_rivers_micro_e, chequers_serial_rivers_small_a,
          kennysheep_minor_cross
D:12:     layout_gridville, minmay_pinched_square
D:13:     layout_irregular_city, lightli_vaults_fourway_checkpoint,
          serial_shops, kennysheep_mini, minmay_gold_behind_fungi
D:14:     layout_cave_pools, infiniplex_staircase_hallway_doors
D:15:     hellmonk_depths_entry_around_the_bend, layout_cross,
          wad_woods_river_04, grunt_ministairs_3, minmay_lindwurm_lava
Temple:   nicolae_temple_ecumenical_triangle
Lair:1:   cheibrodos_lair_river_kwai, layout_loops_ring,
          infiniplex_staircase_pool_2
Lair:2:   layout_layer_cave, guppyfry_snake_entry_garden,
          infiniplex_staircase_pool
Lair:3:   layout_loops_ring, nicolae_swamp_entry_splash_gauntlet
Lair:4:   layout_gridlike, nicolae_volcano_entry_lava_flow,
          gauntlet_entry_generic
Lair:5:   cheibrodos_lair_end_hotspot, layout_gridlike, slime_entry_1
Swamp:1:  layout_basic_swamp, evilmike_swamp_ruin_rubble_2, swamp_pool_5
Swamp:2:  layout_basic_swamp, hangedman_swamp_pad, swamp_pool_3
Swamp:3:  layout_basic_swamp, hangedman_swamp_ruin_wall, swamp_pool_1_2,
          nicolae_swamp_thats_no_hydra
Swamp:4:  swamp_old_school, layout_basic_swamp, uniq_nikola
Snake:1:  layout_cave_shapes, hangedman_snake_wide_pillar_pass,
          serial_bayou_shore_a, grunt_megastairs_4
Snake:2:  gammafunk_sealed_library, layout_basic, gammafunk_ghost_split,
          uniq_agnes, uniq_vashnia
Snake:3:  layout_layer_cave, special_room, nicolae_snake_snakes_in_the_grass,
          uniq_donald, uniq_roxanne
Snake:4:  hellmonk_snake_rune_quicksilver_temple, layout_chambers,
          portal_ice_cave_entry_pillars_four
Orc:1:    layout_diamond_mine
Orc:2:    st_orc_ogre_mass, layout_caves, serial_shops,
          nicolae_shop_hallway_stairs, nicolae_shop_dealshenge,
          nicolae_shop_just_a_little_nook, nicolae_shop_back_alley_shop,
          nicolae_shop_stone, basic_altar
Elf:1:    nicolae_elf_arrival_fired_up, layout_rooms, nicolae_elf_crossing_hall,
          minmay_shop_star
Elf:2:    nicolae_elf_blades_crystal_corner, layout_gridlike, basic_altar
Elf:3:    minmay_elf_hall_not_hex, layout_loops_cross,
          nicolae_trove_entry_diagonal, serial_shops, statue_bzr,
          patterned_corridor, uniq_norris
Vaults:1: v_misc_18, nicolae_vaults_theta, v_pattern_2,
          nicolae_vaults_network_star, special_room_vaults [special_room_orc],
          nicolae_vaults_trapezoid_lopsided_2, nicolae_vaults_double_plus_3,
          v_alt_pattern_2, nicolae_vaults_mini_display_case,
          hangedman_vaults_slice, hangedman_vaults_corner_blocks,
          layout_vaults_chaotic_city, uniq_zenata
Vaults:2: v_misc_18, nicolae_vaults_apartment_2, ontoclasm_vaults_pinch,
          nicolae_vaults_windows_and_doors_thing, hangedman_vaults_nails,
          hangedman_vaults_snaps, nicolae_vaults_turnstiles,
          nicolae_vaults_more_shelving_2, v_misc_13,
          nicolae_vaults_specimen_jars, layout_vaults_omnibox, uniq_mennas,
          uniq_saint_roka
Vaults:3: hangedman_vaults_restitches, minmay_crypt_entry_nasty_monster,
          vaults_mumra_chevron, nicolae_vaults_quadrants,
          nicolae_vaults_little_squares_3, v_misc_18, grunt_vaults_trifunnel,
          vaults_mumra_minichess_inversion, ontoclasm_vaults_ring_small,
          nicolae_vaults_trapezoid_3, nicolae_vaults_double_plus_2,
          ontoclasm_vaults_idyll, nicolae_vaults_house_1,
          dpeg_vaults_monster_box, nicolae_vaults_trapezoid_3,
          layout_vaults_ring, uniq_mara
Vaults:4: abrahamwl_protected_by_tso_1, hangedman_vaults_impose,
          nicolae_vaults_network_barrier, nicolae_vaults_little_squares_4,
          grunt_vaults_swirl, grunt_vaults_diagonal,
          nicolae_vaults_little_squares_2, ontoclasm_vaults_chip,
          grunt_vaults_hallway_long, nicolae_vaults_little_squares_3,
          ontoclasm_vaults_chip, nicolae_vaults_border_crossing,
          nicolae_vaults_trapezoid_lopsided_3, nicolae_vaults_yaktaur_gun_rack,
          layout_vaults_omnicross
Vaults:5: serial_shops, uniq_sojobo
Crypt:1:  layout_rooms, lemuel_statue_altar, uniq_frederick
Crypt:2:  layout_gridlike, nicolae_crypt_tucked_away
Crypt:3:  church_of_pain_bobbens, layout_chaotic_city, st_shrine_of_skulls,
          uniq_josephina
Depths:1: layout_basic, enter_ziggurat_c, hell_entry,
          nicolae_hepliaklqana_hazy_memory, lightli_giant_bouncers,
          grunt_megastairs_1
Depths:2: grunt_crosshair, layout_cave_shapes, serial_sigils,
          serial_sigils_hangedman_quiver, serial_sigils_hangedman_gnaw,
          serial_sigils_hangedman_writhe, serial_sigils_hangedman_quiver,
          hell_entry, serial_shops, shop, pan_entry
Depths:3: minmay_the_grid_4x2 [minmay_the_grid_stretched_grid,
          minmay_the_grid_armoury, minmay_the_grid_diamond_grid,
          minmay_the_grid_tree, minmay_the_grid_eight, minmay_the_grid_x,
          minmay_the_grid_tri_star,
          minmay_the_grid_prize_four_corners_diamond_b], layout_basic,
          abyss_entry, hell_entry, infiniplex_staircase_zigzag_4
Depths:4: grunt_zot_entry_tricorne, layout_basic,
          minmay_misc_feat_secret_circle, hell_entry, minmay_metal_thing,
          minmay_shop_grove
Zot:1:    layout_twisted_circle, regret_index_zotdec_decaying_vile,
          gammafunk_ghost_wrathful_warriors
Zot:2:    layout_gridlike, drop_trap
Zot:3:    layout_onion, regret_index_zotdec_magical_s
Zot:4:    layout_twisted_circle, lemuel_elevator
Zot:5:    layout_onion

Skill      XL: |  1  2  3  4  5  6  7  8  9 10 11 12 13 14 15 16 17 18 19 20 21 22 23 24 25 26 27 |
---------------+----------------------------------------------------------------------------------+-----
Axes           | 3 4 5 7 8 9 11 14 16 17 18 20 21 22 23 24 25 26 27 | 27.0
Fighting       | 6 8 10 12 15 16 17 18 20 21 22 23 24 25 26 27 | 27.0
Armour         | 5 7 9 11 13 14 16 17 18 19 20 21 22 23 24 25 27 | 27.0
Dodging        | 3 4 6 9 12 13 14 | 14.8
Invocations    | 13 16 18 19 20 21 22 24 25 26 27 | 27.0
Evocations     | 8 10 11 14 | 14.0
Shields        | |  3.2

Action                     |  1- 3 |  4- 6 |  7- 9 | 10-12 | 13-15 | 16-18 | 19-21 | 22-24 | 25-27 || total
---------------------------+-------+-------+-------+-------+-------+-------+-------+-------+-------++-------
  Melee: War axe           |    89 |    87 |    68 |       |       |       |       |       |       ||   244
         Battleaxe         |       |       |   175 |   379 |   666 |  1030 |  1151 |   305 |       ||  3706
         Dire flail        |       |       |       |    10 |    32 |       |       |       |       ||    42
         Unarmed           |       |       |       |       |       |       |     3 |       |       ||     3
         Executioner's axe |       |       |       |       |       |       |       |   657 |  1148 ||  1805
  Throw: Stone             |       |     2 |       |       |       |       |       |       |       ||     2
         Dart              |       |       |     4 |     1 |       |       |       |       |       ||     5
         Throwing net      |       |       |       |       |       |       |       |       |     1 ||     1
 Invoke: Upheaval          |       |       |       |       |       |     2 |       |       |     2 ||     4
         Elemental Force   |       |       |       |       |       |     1 |     2 |     1 |     1 ||     5
         Disaster Area     |       |       |       |       |       |       |       |     1 |       ||     1
  Evoke: Wand              |       |       |       |     1 |       |       |       |       |       ||     1
    Use: Scroll            |       |     8 |     4 |    11 |     7 |     4 |     3 |     7 |     5 ||    49
         Potion            |       |       |       |       |     3 |     6 |     3 |     2 |     5 ||    19
   Stab: Invisible         |       |       |       |     1 |     2 |       |       |       |       ||     3
         Sleeping          |       |       |       |     1 |       |       |       |       |       ||     1
         Distracted        |       |       |       |       |       |     1 |       |       |       ||     1
         Paralysed         |       |       |       |       |       |     2 |     6 |       |       ||     8
 Armour: Scale mail        |    43 |    56 |    22 |       |       |       |       |       |       ||   121
         Ring mail         |       |       |   139 |   184 |       |       |       |       |       ||   323
         Swamp dragon scal |       |       |       |   172 |   330 |       |       |       |       ||   502
         Plate armour      |       |       |       |       |   101 |   933 |       |       |       ||  1034
         Crystal plate arm |       |       |       |       |       |   106 |  1001 |   956 |   905 ||  2968
         Skin              |       |       |       |       |       |       |     7 |       |       ||     7
         Quicksilver drago |       |       |       |       |       |       |    23 |    90 |       ||   113
  Dodge: Dodged            |    46 |    32 |   100 |   178 |   221 |   397 |   292 |   363 |   407 ||  2036
         Repelled          |       |       |       |       |     3 |    45 |    20 |    17 |    37 ||   122
  Block: Buckler           |    20 |    18 |    17 |       |       |       |       |       |       ||    55
         Other             |       |       |       |    17 |   195 |   471 |   461 |   251 |   227 ||  1622
         Reflection        |       |       |       |     1 |    20 |    86 |    65 |    14 |       ||   186
